 Dungeon Crawl Stone Soup version 0.21.1-1-g345015f (webtiles) character file.

77 Monsterracer the Insei (level 4, 0/28 HPs)
             Began as a Tengu Chaos Knight on July 8, 2018.
             Succumbed to an adder's poison
             ... on level 2 of the Dungeon.
             The game lasted 00:02:29 (1585 turns).

Monsterracer the Insei (Tengu Chaos Knight)         Turns: 1585, Time: 00:02:29

Health: 0/28       AC:  6    Str: 12    XL:     4   Next: 33%
Magic:  5/5        EV: 16    Int: 13    God:    Xom [..*...]
Gold:   103        SH:  0    Dex: 19    Spells: 1/3 levels left

rFire    . . .     SeeInvis .     - Unarmed
rCold    . . .     Gourm    .   (no shield)
rNeg     . . .     Faith    .   a - +2 leather armour
rPois    .         Spirit   .   f - +0 hat
rElec    .         Reflect  .   (no cloak)
rCorr    +         Harm     .   j - +0 pair of gloves
MR       +....                  (boots unavailable)
Stlth    ++........             (no amulet)
HPRegen  0.09/turn              e - ring of resist corrosion
MPRegen  0.09/turn              i - ring of protection from magic {!d}

@: agile, lethally poisoned (0 -> -1), hasted, very quick
A: beak, talons 3
a: Renounce Religion


You were on level 2 of the Dungeon.
You worshipped Xom.
You were a toy of Xom.
You were very hungry.

You visited 1 branch of the dungeon, and saw 2 of its levels.

You collected 103 gold pieces.

Inventory:

Armour
 a - a +2 leather armour (worn)
 f - a +0 hat (worn)
 g - a cursed +0 leather armour
 j - a +0 pair of gloves (worn)
Jewellery
 e - a ring of resist corrosion (left hand)
 i - a ring of protection from magic (right hand) {!d}
 k - an uncursed ring of wizardry
Scrolls
 b - a scroll of teleportation
 h - a scroll of immolation {unknown}
Potions
 l - a potion of haste
Comestibles
 c - 2 rations


   Skills:
 - Level 3.0 Fighting
 - Level 2.1 Armour
 - Level 1.1 Dodging
 + Level 5.5 Unarmed Combat


You had one spell level left.
You knew the following spells:

 Your Spells              Type           Power        Failure   Level  Hunger
a - Confusing Touch       Hex            #.....       36%         1    ##.....
z - Apportation           Tloc           #.....       36%         1    ##.....


Dungeon Overview and Level Annotations

Branches:
Dungeon (2/15)

Altars:


Innate Abilities, Weirdness & Mutations

You have a beak for a mouth.
You have claws for feet.


Message History

The adder bites you but does no damage. x2
You hit the adder but do no damage.
You feel sick. The adder closely misses you.
You take 1 damage, and have 13/23 hp.
You miss the adder. Your kick misses the adder. Your peck misses the adder.
The adder closely misses you.
You hit the adder. Your kick misses the adder. You peck the adder.
The adder is moderately wounded.
You feel sick. The adder bites you but does no damage.
You take 1 damage, and have 12/23 hp.
You hit the adder. You claw the adder.
The adder is almost dead.
The adder barely misses you.
You hit the adder.
You kill the adder!
Your Unarmed Combat skill increases to level 5!
You feel sick.
You take 1 damage, and have 11/23 hp.
It was a potion of haste.
You feel yourself speed up.
Xom thinks this is hilarious!
The frilled lizard closely misses you.
You feel agile all of a sudden.
You feel sick. The frilled lizard misses you.
You take 1 damage, and have 10/23 hp.
You barely miss the frilled lizard. Your kick misses the frilled lizard.
You hit the frilled lizard.
You kill the frilled lizard!
You closely miss Terence. You claw Terence. You peck Terence.
Terence is moderately wounded.
You closely miss Terence.
Terence is moderately wounded.
You feel sick. Terence hits you but does no damage.
You take 1 damage, and have 9/23 hp.
You closely miss Terence. You claw Terence, but do no damage.
Terence is moderately wounded.
You hit Terence. Your kick misses Terence.
Terence is heavily wounded.
Terence barely misses you.
You hit Terence but do no damage. Your kick misses Terence.
You peck Terence, but do no damage. You punch Terence.
Terence is heavily wounded.
You closely miss Terence. Your peck misses Terence.
Terence is heavily wounded.
You feel sick.
Terence is no longer unusually agile.
Terence closely misses you.
You take 1 damage, and have 8/23 hp.
You hit Terence but do no damage. You peck Terence, but do no damage.
Terence is heavily wounded.
You hit Terence but do no damage. You claw Terence.
Terence is severely wounded.
Terence closely misses you.
You closely miss Terence. Your kick misses Terence.
You peck Terence, but do no damage.
Terence is severely wounded.
You hit Terence. Your kick misses Terence.
Terence is severely wounded.
Terence hits you with a flail.
* * * LOW HITPOINT WARNING * * *
You take 3 damage, and have 5/23 hp.
You are feeling very hungry.
You hit Terence but do no damage. Your kick misses Terence.
Terence is severely wounded.
You completely miss Terence. You peck Terence.
Terence is severely wounded.
You feel sick. Terence barely misses you.
You take 1 damage, and have 5/23 hp.
You barely miss Terence.
Terence is severely wounded.
You hit Terence. You peck Terence, but do no damage.
Terence is almost dead.
Terence hits you with a flail.
* * * LOW HITPOINT WARNING * * *
You take 3 damage, and have 2/23 hp.
You punch Terence!
You kill Terence!
You have reached level 4!
You feel agile.
MP restored: 5
Things that are here:
a flail; a ring mail; an adder corpse
As you read the scroll labeled BIOM SE VEA, it crumbles to dust.
It is a scroll of identify.
b - 2 scrolls of teleportation
* * * LOW HITPOINT WARNING * * *
You feel sick.
You take 1 damage, and have 1/28 hp.
As you read the scroll of teleportation, it crumbles to dust.
You feel strangely unstable.
Unknown command.
Your surroundings suddenly seem different.
* * * LOW HITPOINT WARNING * * *
You feel sick.
You take 1 damage, and have 1/28 hp.
There is an open door here.
There is a stone staircase leading down here.
Unknown command.
There is a lethal amount of poison in your body!
Unknown command.
You die...
Xom bursts into laughter!

# # # # # #######
#....##
###############....##
#>..@..............'.
####'#############....##
#........#########....##
#................'......
#......#.#########.....[
#......#.# #......
######.#.#.# #......
#........#.# #######
#.####.###.#


There were no monsters in sight!

Vanquished Creatures
  Terence (D:2)
  An adder (D:2)
  A dart slug (D:1)
  4 leopard geckos (D:1)
  2 bats (D:2)
  2 giant cockroaches
  3 goblins
  3 hobgoblins
  3 jackals (D:2)
  4 kobolds
  A quokka (D:2)
  4 frilled lizards
  4 rats
33 creatures vanquished.

Notes
Turn   | Place    | Note
-------+----------+-------------------------------------------
     0 | D:1      | Monsterracer the Tengu Chaos Knight began the quest for the Orb.
     0 | D:1      | Reached XP level 1. HP: 14/14 MP: 2/2
    94 | D:1      | XOM: potion effect (agility)
   167 | D:1      | Reached XP level 2. HP: 17/19 MP: 3/3
   207 | D:1      | Reached skill level 4 in Unarmed Combat
   595 | D:1      | XOM: silly message
   791 | D:2      | Reached XP level 3. HP: 23/23 MP: 4/4
  1148 | D:2      | XOM is BORED!
  1148 | D:2      | XOM: noise
  1322 | D:2      | Learned a level 1 spell: Apportation
  1324 | D:2      | Learned a level 1 spell: Confusing Touch
  1534 | D:2      | Noticed Terence
  1551 | D:2      | Reached skill level 5 in Unarmed Combat
  1551 | D:2      | HP: 11/23 [poisoned by an adder]
  1557 | D:2      | HP: 9/23 [poisoned by an adder]
  1565 | D:2      | HP: 5/23 [Terence/flail (3)]
  1569 | D:2      | HP: 2/23 [Terence/flail (3)]
  1570 | D:2      | Killed Terence
  1570 | D:2      | Reached XP level 4. HP: 2/28 MP: 5/5
  1579 | D:2      | HP: 1/28 [poisoned by an adder]
  1585 | D:2      | Succumbed to an adder's poison

Skill      XL: |  1  2  3 |
---------------+----------+-----
Unarmed Combat | 4 5 |  5.5
Fighting       | |  3.0
Armour         | |  2.1
Dodging        | |  1.1

Action                   |  1- 3 |  4- 6 || total
-------------------------+-------+-------++-------
Melee: Unarmed           |    96 |       ||    96
       Kick              |    16 |       ||    16
       Peck              |    19 |       ||    19
       Punch             |     1 |       ||     1
  Use: Potion            |     2 |       ||     2
       Scroll            |       |     2 ||     2
 Stab: Sleeping          |     2 |       ||     2
  Eat: Chunk             |     1 |       ||     1
Armor: Leather armour    |    25 |       ||    25
Dodge: Dodged            |    38 |       ||    38

Vault maps used:
D:1:      evilmike_arrival_rings
D:2:      kennysheep_the_goblin_king, uniq_terence
